ITL
TRENTON STARS @ HAVANA ROLLERS
06/09/2028
 
TOP OF THE 1ST
Trenton Stars batting - Pitching for Havana Rollers : RHP Jason Drake
Pitching: RHP Jason Drake
Batting: SHB Nick Marshall 0-0: Called Strike
0-1: Hit by Pitch
Batting: RHB Leonardo Pinto 0-0: Called Strike
0-1: Ball
1-1: Called Strike
1-2: Foul Ball, location: 2F
1-2: 2-RUN HOME RUN (Flyball, 78XD), Distance : 422 ft
Batting: LHB Ricardo Brandariz 0-0: Foul Ball, location: 2F
0-1: Called Strike
0-2: Fly out, F7 (Flyball, 7)
Batting: RHB Randy Simons 0-0: Swinging Strike
0-1: Ball
1-1: Ball
2-1: Foul Ball, location: 2F
2-2: Foul Ball, location: 2F
2-2: Ball
3-2: Foul Ball, location: 2F
3-2: SINGLE (Groundball, 56D)
Batting: LHB Wes Stone 0-0: Called Strike
Randy Simons steals 2nd base
0-1: Foul Ball, location: 2F
0-2: Strikes out swinging
Batting: LHB Jeff Gordon 0-0: Ball
1-0: Foul Ball, location: 2F
1-1: Ground out 6-3 (Groundball, 6D)
Top of the 1st over - 2 run(s), 2 hit(s), 0 error(s), 1 left on base; Trenton 2 - Havana 0
BOTTOM OF THE 1ST
Havana Rollers batting - Pitching for Trenton Stars : RHP Russ Brown
Pitching: RHP Russ Brown
Batting: RHB Jesús Villalobos 0-0: Foul Ball, location: 2F
0-1: Ground out 5-3 (Groundball, 56S)
Batting: RHB Francisco Rincón 0-0: Ball
1-0: Ball
2-0: Foul Ball, location: 2F
2-1: Ball
3-1: Foul Ball, location: 2F
3-2: Fly out, F4 (Popup, 4D)
Batting: SHB Pepe Piña 0-0: Foul Ball, location: 2F
0-1: Foul Ball, location: 2F
0-2: Ball
1-2: Strikes out swinging
Bottom of the 1st over - 0 run(s), 0 hit(s), 0 error(s), 0 left on base; Trenton 2 - Havana 0
TOP OF THE 2ND
Trenton Stars batting - Pitching for Havana Rollers : RHP Jason Drake
Batting: RHB Chris Cole 0-0: Ball
1-0: SINGLE (Line Drive, 6D)
Batting: RHB Jesús Dávila 0-0: Ground out U3 (Groundball, 34S)
Chris Cole to second
Batting: RHB Kenji Murayama 0-0: Called Strike
0-1: Ball
1-1: Foul Ball, location: 2F
1-2: SINGLE (Line Drive, 8LS)
Chris Cole to third
Batting: SHB Nick Marshall 0-0: Called Strike
0-1: Called Strike
0-2: Ball
1-2: Ball
2-2: Foul Ball, location: 2F
2-2: Strikes out swinging
Batting: RHB Leonardo Pinto 0-0: Called Strike
0-1: Ball
1-1: Ball
2-1: Swinging Strike
2-2: Strikes out swinging
Top of the 2nd over - 0 run(s), 2 hit(s), 0 error(s), 2 left on base; Trenton 2 - Havana 0
BOTTOM OF THE 2ND
Havana Rollers batting - Pitching for Trenton Stars : RHP Russ Brown
Batting: RHB Brant Sherman 0-0: Ball
1-0: Called Strike
1-1: Fly out, F9 (Flyball, 9D)
Batting: SHB Yasuhiro Ikarashi 0-0: Hit by Pitch
Batting: RHB León Rivera 0-0: Called Strike
0-1: Ball
1-1: Fly out, F4 (Line Drive, 4)
Batting: LHB Zhi-huan Loong 0-0: Ball
1-0: Called Strike
1-1: Foul Ball, location: 2F
1-2: Ball
2-2: Fly out, F8 (Flyball, 8RD)
Bottom of the 2nd over - 0 run(s), 0 hit(s), 0 error(s), 1 left on base; Trenton 2 - Havana 0
TOP OF THE 3RD
Trenton Stars batting - Pitching for Havana Rollers : RHP Jason Drake
Batting: LHB Ricardo Brandariz 0-0: Foul Ball, location: 2F
0-1: SINGLE (Groundball, 34D)
Batting: RHB Randy Simons 0-0: Ball
1-0: Called Strike
1-1: Ball
2-1: Ball
3-1: Called Strike
3-2: Strikes out looking
Batting: LHB Wes Stone 0-0: Ball
1-0: Called Strike
1-1: 2-RUN HOME RUN (Flyball, 9LD), Distance : 339 ft
Batting: LHB Jeff Gordon 0-0: Foul Ball, location: 2F
0-1: Ball
1-1: Swinging Strike
1-2: Ball
2-2: Ball
3-2: Ground out 6-3 (Groundball, 6)
Batting: RHB Chris Cole 0-0: Ball
1-0: Ground out 4-3 (Groundball, 4)
Top of the 3rd over - 2 run(s), 2 hit(s), 0 error(s), 0 left on base; Trenton 4 - Havana 0
BOTTOM OF THE 3RD
Havana Rollers batting - Pitching for Trenton Stars : RHP Russ Brown
Batting: RHB Chad Case 0-0: Ball
1-0: SINGLE (Line Drive, 78S)
Batting: LHB José Torres 0-0: Fielders Choice at 2nd, 4-6 (Groundball, 4)
Batting: RHB Jesús Villalobos 0-0: Foul Ball, location: 2F
0-1: Ball
1-1: Ball
2-1: Ball
3-1: Swinging Strike
3-2: Strikes out looking
Batting: RHB Francisco Rincón 0-0: Ball
1-0: Swinging Strike
1-1: Ball
2-1: Called Strike
2-2: Ball
3-2: Base on Balls
José Torres to second
Batting: SHB Pepe Piña 0-0: 3-RUN HOME RUN (Flyball, 8LXD), Distance : 440 ft
Batting: RHB Brant Sherman 0-0: Fly out, F8 (Flyball, 8RD)
Bottom of the 3rd over - 3 run(s), 2 hit(s), 0 error(s), 0 left on base; Trenton 4 - Havana 3
TOP OF THE 4TH
Trenton Stars batting - Pitching for Havana Rollers : RHP Jason Drake
Batting: RHB Jesús Dávila 0-0: Ball
1-0: Foul Ball, location: 2F
1-1: Ball
2-1: Bunted foul
2-2: Foul Ball, location: 2F
2-2: Ball
3-2: Foul Ball, location: 2F
3-2: Fly out, F6 (Line Drive, 56)
Batting: RHB Kenji Murayama 0-0: Ball
1-0: Called Strike
1-1: Ball
2-1: SINGLE (Groundball, 34D)
Batting: SHB Nick Marshall 0-0: Fielders Choice at 2nd, 5-4 (Groundball, 56)
Batting: RHB Leonardo Pinto 0-0: Ball
1-0: Foul Ball, location: 2F
1-1: Ball
Nick Marshall is caught stealing 2nd base
Top of the 4th over - 0 run(s), 1 hit(s), 0 error(s), 0 left on base; Trenton 4 - Havana 3
BOTTOM OF THE 4TH
Havana Rollers batting - Pitching for Trenton Stars : RHP Russ Brown
Batting: SHB Yasuhiro Ikarashi 0-0: Called Strike
0-1: Called Strike
0-2: Foul Ball, location: 2F
0-2: Ball
1-2: Foul Ball, location: 2F
1-2: Ball
2-2: Foul Ball, location: 2F
2-2: Fly out, F7 (Flyball, 78S)
Batting: RHB León Rivera 0-0: Foul Ball, location: 2F
0-1: Ball
1-1: Ball
2-1: Foul Ball, location: 2F
2-2: SINGLE (Line Drive, 89S)
Batting: LHB Zhi-huan Loong 0-0: Foul Ball, location: 2F
0-1: Called Strike
León Rivera steals 2nd base
0-2: Ball
1-2: Ball
2-2: Foul Ball, location: 2F
2-2: Ball
3-2: Fly out, F8 (Flyball, 8LM)
Batting: RHB Chad Case 0-0: Called Strike
0-1: Ground out 6-3 (Groundball, 6S)
Bottom of the 4th over - 0 run(s), 1 hit(s), 0 error(s), 1 left on base; Trenton 4 - Havana 3
TOP OF THE 5TH
Trenton Stars batting - Pitching for Havana Rollers : RHP Jason Drake
Batting: RHB Leonardo Pinto 0-0: Ball
1-0: Ball
2-0: Called Strike
2-1: Ball
3-1: Foul Ball, location: 2F
3-2: Foul Ball, location: 2F
3-2: Foul Ball, location: 2F
3-2: Strikes out swinging
Batting: LHB Ricardo Brandariz 0-0: Ball
1-0: Ball
2-0: SINGLE (Flyball, 7S)
Batting: RHB Randy Simons 0-0: Ball
1-0: Ball
2-0: SINGLE (Groundball, 56D)
Ricardo Brandariz to second
Batting: LHB Wes Stone 0-0: Fly out, F9 (Flyball, 89D)
Runner from 2nd tags up, SAFE at 3rd, no throw
Batting: LHB Jeff Gordon 0-0: Reached on error, E4 (Groundball, 34)
Ricardo Brandariz scores
Randy Simons to second
Pitching: RHP José Ramírez
Batting: RHB Chris Cole 0-0: Ball
1-0: Ball
2-0: Ball
3-0: Called Strike
3-1: Fly out, F3 (Popup, 3L)
Top of the 5th over - 1 run(s), 2 hit(s), 1 error(s), 2 left on base; Trenton 5 - Havana 3
BOTTOM OF THE 5TH
Havana Rollers batting - Pitching for Trenton Stars : RHP Russ Brown
Batting: LHB José Torres 0-0: Ground out U3 (Groundball, 3)
Batting: RHB Jesús Villalobos 0-0: Ground out 6-3 (Groundball, 6)
Batting: RHB Francisco Rincón 0-0: Foul Ball, location: 2F
0-1: SINGLE (Groundball, 6MD)
Batting: SHB Pepe Piña Pickoff Throw to First - Out!
Bottom of the 5th over - 0 run(s), 1 hit(s), 0 error(s), 0 left on base; Trenton 5 - Havana 3
TOP OF THE 6TH
Trenton Stars batting - Pitching for Havana Rollers : RHP José Ramírez
Batting: RHB Jesús Dávila 0-0: Ball
1-0: Foul Ball, location: 2F
1-1: Foul Ball, location: 2F
1-2: Ball
2-2: Ball
3-2: Base on Balls
Batting: RHB Kenji Murayama 0-0: SINGLE (Groundball, 6D)
Jesús Dávila to second
Batting: SHB Nick Marshall 0-0: Ball
1-0: Foul Ball, location: 2F
1-1: Ball
2-1: Ball
3-1: Swinging Strike
3-2: Foul Ball, location: 2F
3-2: Strikes out swinging
Batting: RHB Leonardo Pinto 0-0: Ball
1-0: Foul Ball, location: 2F
1-1: Swinging Strike
1-2: Strikes out swinging
Batting: LHB Ricardo Brandariz 0-0: Ball
Wild Pitch!
Jesús Dávila to third
Kenji Murayama to second
1-0: Ground out U3 (Groundball, 34)
Top of the 6th over - 0 run(s), 1 hit(s), 0 error(s), 2 left on base; Trenton 5 - Havana 3
BOTTOM OF THE 6TH
Havana Rollers batting - Pitching for Trenton Stars : RHP Russ Brown
Batting: SHB Pepe Piña 0-0: Called Strike
0-1: Swinging Strike
0-2: Ball
1-2: Ball
2-2: Strikes out swinging
Batting: RHB Brant Sherman 0-0: Ball
1-0: Foul Ball, location: 2F
1-1: Swinging Strike
1-2: Strikes out swinging
Batting: SHB Yasuhiro Ikarashi 0-0: Foul Ball, location: 2F
0-1: Fly out, F8 (Line Drive, 8LXD)
Bottom of the 6th over - 0 run(s), 0 hit(s), 0 error(s), 0 left on base; Trenton 5 - Havana 3
TOP OF THE 7TH
Trenton Stars batting - Pitching for Havana Rollers : RHP José Ramírez
Batting: RHB Randy Simons 0-0: Ball
1-0: Ball
2-0: Swinging Strike
2-1: Ball
3-1: Base on Balls
Batting: LHB Wes Stone 0-0: Ball
1-0: Called Strike
1-1: Ball
2-1: Fly out, F8 (Flyball, 8LM)
Batting: LHB Jeff Gordon 0-0: Fielders Choice at 2nd, 3-6 (Groundball, 34)
Batting: RHB Chris Cole 0-0: Called Strike
0-1: Foul Ball, location: 2F
0-2: Strikes out looking
Top of the 7th over - 0 run(s), 0 hit(s), 0 error(s), 1 left on base; Trenton 5 - Havana 3
BOTTOM OF THE 7TH
Havana Rollers batting - Pitching for Trenton Stars : RHP Russ Brown
Batting: RHB León Rivera 0-0: Called Strike
0-1: Hit by Pitch
Batting: LHB Zhi-huan Loong 0-0: Ball
1-0: Swinging Strike
1-1: Ball
2-1: Ball
3-1: Fly out, F7 (Flyball, 7S)
Batting: RHB Chad Case 0-0: Ball
1-0: Ball
2-0: Ball
3-0: Base on Balls
León Rivera to second
Pinch Hitting: LHB Jimmy Husted 0-0: Ball
1-0: Ball
2-0: Foul Ball, location: 2F
2-1: Ball
3-1: Base on Balls
León Rivera to third
Chad Case to second
Pinch Hitting: LHB Enrique Cortéz 0-0: Fly out, F3 (Line Drive, 3)
Pinch Hitting: RHB Paul Bailey 0-0: Fly out, F8 (Flyball, 8LS)
Bottom of the 7th over - 0 run(s), 0 hit(s), 0 error(s), 3 left on base; Trenton 5 - Havana 3
TOP OF THE 8TH
Trenton Stars batting - Pitching for Havana Rollers : RHP José Ramírez
Now at 2B: Soshu Nakamura
Now at 3B: Mitsuharu Matsumoto
Now in LF: Paul Bailey
Batting: RHB Jesús Dávila 0-0: Called Strike
0-1: Called Strike
0-2: Ground out 5-3 (Groundball, 56)
Batting: RHB Kenji Murayama 0-0: Called Strike
0-1: Ball
1-1: SINGLE (Groundball, 5S) (infield hit)
Batting: SHB Nick Marshall 0-0: Swinging Strike
0-1: Ball
1-1: Ball
2-1: Ball
3-1: Base on Balls
Kenji Murayama to second
Batting: RHB Leonardo Pinto 0-0: Swinging Strike
0-1: Ball
Wild Pitch!
Kenji Murayama to third
Nick Marshall to second
1-1: Swinging Strike
1-2: SINGLE (Flyball, 8LS)
Kenji Murayama scores
Nick Marshall to third
Runner from 3rd tries for Home, SAFE, no throw
Pitching: RHP Ron Henningar
Batting: LHB Ricardo Brandariz 0-0: Called Strike
0-1: Ball
1-1: Grounds into double play, 4-6-3 (Groundball, 4)
Top of the 8th over - 2 run(s), 2 hit(s), 0 error(s), 0 left on base; Trenton 7 - Havana 3
BOTTOM OF THE 8TH
Havana Rollers batting - Pitching for Trenton Stars : RHP Russ Brown
Pitching: RHP Denver Gallegos
Batting: SHB Pepe Piña 0-0: Ball
1-0: Ground out 4-3 (Groundball, 4)
Batting: RHB Brant Sherman 0-0: Called Strike
0-1: Reached on error, E5 (Groundball, 56)
Batting: SHB Yasuhiro Ikarashi 0-0: Foul Ball, location: 2F
0-1: Called Strike
0-2: Ball
1-2: Reached on error, E5 (Groundball, 56)
Brant Sherman to second
Batting: RHB León Rivera 0-0: Ball
1-0: Reached via error on a dropped throw, E6
Brant Sherman to third
Yasuhiro Ikarashi to second
Batting: LHB Zhi-huan Loong 0-0: Called Strike
0-1: Ball
1-1: Ball
2-1: Fly out, F8 (Flyball, 8RS)
Batting: RHB Chad Case 0-0: Fly out, F4 (Popup, 4D)
Bottom of the 8th over - 0 run(s), 0 hit(s), 3 error(s), 3 left on base; Trenton 7 - Havana 3
TOP OF THE 9TH
Trenton Stars batting - Pitching for Havana Rollers : RHP Ron Henningar
Batting: RHB Randy Simons 0-0: Ball
1-0: Called Strike
1-1: Foul Ball, location: 2F
1-2: Ball
2-2: Foul Ball, location: 2F
2-2: Strikes out swinging
Batting: LHB Wes Stone 0-0: Ball
1-0: Called Strike
1-1: Ball
2-1: Swinging Strike
2-2: Strikes out swinging
Batting: LHB Jeff Gordon 0-0: Fly out, F3 (Line Drive, 3)
Top of the 9th over - 0 run(s), 0 hit(s), 0 error(s), 0 left on base; Trenton 7 - Havana 3
BOTTOM OF THE 9TH
Havana Rollers batting - Pitching for Trenton Stars : RHP Denver Gallegos
Pitching: RHP Manuel Jimenen
Batting: RHB Mitsuharu Matsumoto 0-0: Ball
1-0: Called Strike
1-1: Ball
2-1: Ground out 5-3 (Groundball, 5)
Batting: RHB Soshu Nakamura 0-0: Called Strike
0-1: Ball
1-1: Foul Ball, location: 2F
1-2: Ball
2-2: Strikes out looking
Batting: RHB Paul Bailey 0-0: Fly out, F6 (Line Drive, 6)
Bottom of the 9th over - 0 run(s), 0 hit(s), 0 error(s), 0 left on base; Trenton 7 - Havana 3
Tuesday, August 8th, 2017 - OOTP Baseball 17.12 Build 75